 Dungeon Crawl Stone Soup version 0.19.0-20-gbc5f0c6 (webtiles) character file.

343 Chiseanne the Magician (level 6, -4/28 HPs)
             Began as a Spriggan Air Elementalist on Nov 16, 2016.
             Was an Initiate of Vehumet.
             Killed by divine providence
             ... invoked by an orc priest
              (13 damage)
             ... on level 4 of the Dungeon.
             The game lasted 00:05:33 (2913 turns).

Chiseanne the Magician (Spriggan Air Elementalist)  Turns: 2913, Time: 00:05:34

Health: -4/28      AC:  2    Str:  4    XL:     6   Next: 31%
Magic:  6/14       EV: 18    Int: 19    God:    Vehumet [......]
Gold:   51         SH:  0    Dex: 16    Spells: 3 memorised, 7 levels left

rFire  . . .     SeeInvis +     f - +0 spear
rCold  . . .     Gourm    .     a - +0 robe
rNeg   . . .     Faith    .     (shield restricted)
rPois  .         Spirit   .     (helmet restricted)
rElec  .         Reflect  .     (no cloak)
rCorr  .         Harm     .     (gloves unavailable)
MR     +....                    (boots unavailable)
Stlth  ++........               (no amulet)
                                (no ring)
                                i - ring of wizardry

@: repel missiles, very quick
A: unfitting armour, see invisible, herbivore 3, speed 3, slow metabolism 2
a: Renounce Religion


You were on level 4 of the Dungeon.
You worshipped Vehumet.
Vehumet was noncommittal.
You were not hungry.

You visited 1 branch of the dungeon, and saw 4 of its levels.

You collected 51 gold pieces.

Inventory:

Hand Weapons
 f - a +0 spear (weapon)
Missiles
 e - 90 stones (quivered)
 g - 9 poisoned needles
 k - 29 arrows
Armour
 a - a +0 robe (worn)
Jewellery
 i - a ring of wizardry (left hand)
 j - a cursed ring of resist corrosion {unknown}
Wands
 p - a wand of digging (19/24)
Scrolls
 d - a scroll of fear
 h - a scroll of teleportation
 o - a scroll of recharging
Potions
 l - a potion of mutation {unknown}
 m - a potion of heal wounds
 n - a potion of cancellation {unknown}
 q - 2 potions of might {unknown}
Books
 b - a book of Air

   Spells                             Type                      Level
   a - Shock                          Conjuration/Air              1
   b - Swiftness                      Charms/Air                   2
   c - Repel Missiles                 Charms/Air                   2
   d - Static Discharge               Conjuration/Air              3
   e - Lightning Bolt                 Conjuration/Air              5
Comestibles
 c - a bread ration
 r - 2 fruits


   Skills:
 - Level 3.0 Dodging
 - Level 3.0 Stealth
 * Level 5.0 Spellcasting
 * Level 2.8 Conjurations
 * Level 4.3 Air Magic


You had 7 spell levels left.
You knew the following spells:

 Your Spells              Type           Power        Failure   Level  Hunger
a - Shock                 Conj/Air       ###.         1%          1    None
b - Lightning Bolt        Conj/Air       ###.......   52%         5    ######.
c - Repel Missiles        Chrm/Air       ##....       4%          2    #......


Dungeon Overview and Level Annotations

Branches:
Dungeon (4/15)
 Temple: D:4-7

Altars:
Makhleb
Nemelex Xobeh
Qazlal
Trog
Uskayaw
Vehumet


Innate Abilities, Weirdness & Mutations

You are very small and have problems with some larger weapons.
You are too small for most types of armour.
You have supernaturally acute eyesight. (SInv)
You are a herbivore.
You cover ground extremely quickly.
You need consume almost no food.


Message History

Confirm with . or Enter, or press ? or * to list all spells.
Aiming: Shock
Press: ? - help, Shift-Dir - straight line The zap hits the orc.
You kill the orc!
Vehumet accepts your kill.
The zap hits the orc.
You kill the orc!
Vehumet accepts your kill.
The zap hits the orc priest.
The orc priest is heavily wounded.
Casting: Shock
Confirm with . or Enter, or press ? or * to list all spells.
Aiming: Shock
Press: ? - help, Shift-Dir - straight line The zap misses the orc priest.
The zap hits the orc priest.
The orc priest is severely wounded.
The orc priest invokes the aid of Beogh against you.
Beogh smites you!
You die...

#....# #...<#
#..#.#
#...... .
#...#.#.
..#...#.###
.)... #..#
.#.o)#..###
#.#o.@...#
####.#.##
#.#..##
#.##..#
#.##..#
#.###.# #.#
#.####### #.#
#.......#
#.###.......#


You could see an orc priest and an orc.

Vanquished Creatures
  A scorpion (D:4)
  A howler monkey (D:4)
  An orc wizard (D:4)
  A centaur skeleton (D:4)
  Natasha (thrice) (D:2 D:4)
  3 gnolls
  5 adders
  A worm (D:2)
  3 leopard geckos
  4 orcs
  2 ball pythons (D:4)
  4 bats
  3 giant cockroaches (D:2)
  A goblin (D:2)
  5 hobgoblins
  5 jackals
  2 frilled lizards (D:2)
  6 kobolds
  A rat (D:2)
52 creatures vanquished.

Notes
Turn   | Place    | Note
-------+----------+-------------------------------------------
     0 | D:1      | Chiseanne the Spriggan Air Elementalist began the quest for the Orb.
     0 | D:1      | Reached XP level 1. HP: 9/9 MP: 5/5
    55 | D:1      | Reached skill level 3 in Spellcasting
    55 | D:1      | Reached skill level 1 in Conjurations
    55 | D:1      | Reached XP level 2. HP: 4/13 MP: 0/7
   624 | D:2      | Reached XP level 3. HP: 14/16 MP: 0/8
  1090 | D:2      | Noticed Natasha
  1095 | D:2      | Killed Natasha
  1095 | D:2      | Reached XP level 4. HP: 21/21 MP: 1/10
  1233 | D:2      | Found a hide-covered altar of Uskayaw.
  1237 | D:2      | Found a radiant altar of Vehumet.
  1239 | D:2      | Found a sparkling altar of Nemelex Xobeh.
  1273 | D:2      | Noticed Natasha
  1289 | D:2      | Killed Natasha
  1795 | D:2      | Reached skill level 4 in Spellcasting
  2001 | D:2      | Became a worshipper of Vehumet
  2042 | D:2      | Reached XP level 5. HP: 18/24 MP: 7/12
  2339 | D:3      | Found a burning altar of Makhleb.
  2341 | D:3      | Found a stormy altar of Qazlal.
  2343 | D:3      | Found a bloodstained altar of Trog.
  2363 | D:3      | Learned a level 5 spell: Lightning Bolt
  2366 | D:3      | Learned a level 2 spell: Repel Missiles
  2642 | D:4      | Reached XP level 6. HP: 24/28 MP: 6/14
  2680 | D:4      | Noticed Natasha
  2684 | D:4      | Killed Natasha
  2907 | D:4      | Reached skill level 5 in Spellcasting
  2913 | D:4      | Killed from afar by an orc priest

Skill      XL: |  1  2  3  4  5  6 |
---------------+-------------------+-----
Spellcasting   | 3 4 5 |  5.0
Conjurations   | 1 2 |  2.8
Air Magic      | 3 4 |  4.3
Dodging        | |  3.0
Stealth        | |  3.0

Action                   |  1- 3 |  4- 6 || total
-------------------------+-------+-------++-------
Melee: Spear             |     8 |    11 ||    19
 Cast: Shock             |    51 |   101 ||   152
       Repel Missiles    |       |     1 ||     1
  Use: Scroll            |     2 |     4 ||     6
Armor: Robe              |       |     2 ||     2
Dodge: Dodged            |    14 |    31 ||    45
